 Dungeon Crawl Stone Soup version 0.20-a0-556-g892c87b (console) character file.

386 Goblin1989 the Cudgeler (level 6, 0/48 HPs)
             Began as a Barachian Fighter on Feb 5, 2017.
             Was a Priest of Cheibriados.
             Slain by an adder (2 damage)
             ... in a sewer.
             The game lasted 00:09:55 (2827 turns).

Goblin1989 the Cudgeler (Barachian Fighter)         Turns: 2827, Time: 00:09:56

Health: 0/48       AC:  9    Str: 28    XL:     6   Next: 78%
Magic:  6/6        EV:  7    Int: 14    God:    Cheibriados [***...]
Gold:   114        SH: 11    Dex: 17    Spells: 5/5 levels left

rFire    . . .     SeeInvis .   a - +1 flail
rCold    . . .     Gourm    .   b - +0 scale mail
rNeg     . . .     Faith    .   c - +0 shield
rPois    .         Spirit   .   (no helmet)
rElec    .         Reflect  .   i - +0 cloak
rCorr    .         Harm     .   r - +0 pair of gloves {archery}
MR       .....                  (no boots)
Stlth    ..........             (no amulet)
Regen    0.2/turn               (no ring)
                                (no ring)

@: mighty, lethally poisoned (0 -> 0), very slow
A: swims, slowness 1, strong legs 1
a: Hop, Bend Time, Temporal Distortion, Renounce Religion


You were in a sewer.
You worshipped Cheibriados.
Cheibriados was most pleased with you.
You were not hungry.

You visited 1 branch of the dungeon, and saw 3 of its levels.
You also visited: Sewer.

You collected 114 gold pieces.

Inventory:

Hand Weapons
 a - a +1 flail (weapon)
Armour
 b - a +0 scale mail (worn)
 c - a +0 shield (worn)
 i - a +0 cloak (worn)
 r - a +0 pair of gloves of archery (worn)
Scrolls
 l - 3 scrolls of remove curse {@r2}
 n - a scroll of fear
 t - a scroll of teleportation {unknown}
 u - a scroll of fog
 v - a scroll of magic mapping {unknown}
 R - a scroll of identify {@r1}
Potions
 f - a potion of beneficial mutation {unknown}
 h - 2 potions of brilliance {unknown}
 j - a potion of curing {unknown}
 k - a potion of mutation {unknown}
 m - a potion of magic {unknown}
 p - a potion of degeneration {unknown}
 s - a potion of invisibility {unknown}
Comestibles
 e - 3 bread rations {@e1}
 g - a chunk of flesh
 o - 2 royal jellies


   Skills:
 + Level 3.8 Fighting
 * Level 5.8 Maces & Flails
 + Level 4.1 Armour
 + Level 3.8 Shields


You had 5 spell levels left.
You didn't know any spells.

Dungeon Overview and Level Annotations

Branches:
Dungeon (3/15)

Altars:
Cheibriados
Gozag
Nemelex Xobeh
Qazlal
Uskayaw


Innate Abilities, Weirdness & Mutations

You can swim through water.
You cover ground slowly.
You can hop short distances.


Message History

* * * LOW HITPOINT WARNING * * *
You take 3 damage, and have 16/48 hp.
Unknown command.
You completely miss the ball python. You block the adder's attack.
The adder bites you but does no damage. You block the ball python's attack.
The ball python constricts you.
The ball python bites you but does no damage.
You block the ball python's attack. You block the adder's attack.
The adder bites you but does no damage.
Unknown command.
Unknown command.
You closely miss the ball python.
You feel sick.
The ball python bites you but does no damage.
The ball python constricts you.
The ball python bites you but does no damage.
The adder bites you but does no damage. The ball python bites you.
* * * LOW HITPOINT WARNING * * *
You block the adder's attack. The ball python bites you.
* * * LOW HITPOINT WARNING * * *
The ball python constricts you. You block the ball python's attack.
The ball python bites you but does no damage.
The adder bites you.
* * * LOW HITPOINT WARNING * * *
You take 6 damage, and have 11/48 hp.
Unknown command.
You escape the ball python's grasp.
The adder barely misses you. You block the adder's attack.
The ball python closely misses you. You block the ball python's attack.
The adder bites you but does no damage.
The ball python bites you but does no damage.
You block the ball python's attack. The adder bites you but does no damage.
Things that are here:
a bullfrog corpse; a ball python corpse You closely miss the ball python.
The ball python bites you but does no damage.
The ball python closely misses you. The adder barely misses you.
You block the ball python's attack. x2
The ball python bites you but does no damage.
You block the ball python's attack. The adder barely misses you.
The ball python bites you but does no damage.
The ball python grabs you. The ball python constricts you.
The adder bites you but does no damage.
The ball python bites you but does no damage.
Unknown command.
Your shield and scale mail prevent you from hitting the ball python.
You block the ball python's attack. The adder closely misses you.
The ball python bites you.
* * * LOW HITPOINT WARNING * * *
x2 The ball python constricts you.
The adder bites you but does no damage. The ball python barely misses you.
You block the ball python's attack. The adder barely misses you.
You take 1 damage, and have 10/48 hp.
Unknown command.
Unknown command.
You sock the ball python!
You kill the ball python!
Cheibriados thoroughly appreciates the change of pace.
You feel sick.
You are no longer poisoned.
The adder bites you.
* * * LOW HITPOINT WARNING * * *
You block the ball python's attack. x2; The ball python barely misses you.
The ball python grabs you. The ball python constricts you.
The adder barely misses you. The adder bites you but does no damage.
You take 4 damage, and have 6/48 hp.
Unknown command.
You bludgeon the ball python!!
You kill the ball python!
Cheibriados appreciates the change of pace.
The adder bites you but does no damage.
The ball python bites you but does no damage.
The ball python constricts you. The adder barely misses you.
You block the adder's attack.
The ball python bites you but does no damage.
The ball python constricts you.
Unknown command.
Unknown command.
The ball python's grasp on you weakens, but your attempt to escape fails.
You block the adder's attack. x2
The ball python bites you but does no damage.
The ball python constricts you. You block the adder's attack.
You sock the ball python!
You kill the ball python!
Cheibriados thoroughly appreciates the change of pace.
The adder bites you but does no damage. x3
The adder bites you but does no damage. The adder bites you.
* * * LOW HITPOINT WARNING * * *
The adder bites you but does no damage. x2; The adder closely misses you.
Some of the chunks of flesh in your inventory have rotted away.
You take 1 damage, and have 5/48 hp.
You closely miss the adder. The adder barely misses you.
You block the adder's attack. The adder bites you but does no damage.
You miss the adder. The adder closely misses you. The adder bites you.
* * * LOW HITPOINT WARNING * * *
You are poisoned.
The adder poisons you!
You take 2 damage, and have 3/48 hp.
You closely miss the adder.
You feel sick. The adder barely misses you. You block the adder's attack.
The adder bites you.
You die...

÷≈≈≈≈≈█
█≈≈≈≈≈≈█
≈≈≈≈.≈█
█≈≈≈≈≈≈█
≈≈.[≈≈█
█≈≈≈≈≈≈█
█≈.≈≈██
█≈≈≈≈.≈█
≈≈≈≈≈≈█
█≈≈≈≈.≈█
≈≈≈≈≈≈█
█≈≈≈≈≈≈█
≈≈≈≈≈≈█
█≈≈≈††≈█
≈≈≈≈≈≈█
█≈≈SS≈≈█
≈≈≈≈≈≈█
█≈≈≈@≈≈█
≈≈≈≈≈≈█
█≈≈≈≈≈≈█
≈≈≈≈≈≈█
█≈≈≈≈≈≈█
..≈≈≈██
█....≈██
......█
█......
.....██
█......█
.....█
▲......█
....██
██....██
...██


You could see 2 adders.

Vanquished Creatures
  2 bullfrogs (Sewer)
  A centaur zombie (D:3)
  Terence (D:3)
  4 river rats
  6 adders
  An ooze (Sewer)
  An adder zombie (D:3)
  2 worms (D:2)
  A leopard gecko (D:2)
  5 orcs (D:3)
  14 ball pythons
  A giant cockroach (D:2)
  5 goblins
  8 hobgoblins
  4 jackals (D:2)
  7 bats
  5 frilled lizards
  A jackal zombie (D:3)
  6 kobolds
  A quokka skeleton (D:3)
  35 rats
111 creatures vanquished.

Notes
Turn   | Place    | Note
-------+----------+-------------------------------------------
     0 | D:1      | Goblin1989 the Barachian Fighter began the quest for the Orb.
     0 | D:1      | Reached XP level 1. HP: 18/18 MP: 1/1
   341 | D:1      | Reached XP level 2. HP: 18/24 MP: 2/2
   474 | D:1      | Reached skill level 3 in Maces & Flails
   613 | D:1      | Found a sparkling altar of Nemelex Xobeh.
   894 | D:2      | Reached XP level 3. HP: 17/29 MP: 3/3
  1184 | D:2      | Found a hide-covered altar of Uskayaw.
  1252 | D:2      | Found a snail-covered altar of Cheibriados.
  1262 | D:2      | Became a worshipper of Cheibriados the Contemplative
  1282 | D:2      | Found a stormy altar of Qazlal.
  1315 | D:2      | Reached skill level 4 in Maces & Flails
  1315 | D:2      | Reached XP level 4. HP: 16/35 MP: 4/4
  1662 | D:2      | Found a sparkling altar of Nemelex Xobeh.
  1663 | D:2      | Found an opulent altar of Gozag.
  1874 | D:3      | Noticed Terence
  1887 | D:3      | Killed Terence
  1922 | D:3      | Reached * piety under Cheibriados
  2020 | D:3      | Reached skill level 5 in Maces & Flails
  2020 | D:3      | Reached XP level 5. HP: 27/41 MP: 5/5
  2024 | D:3      | Found a glowing drain.
  2055 | Sewer    | Entered a sewer
  2230 | Sewer    | Reached ** piety under Cheibriados
  2585 | Sewer    | Reached XP level 6. HP: 42/47 MP: 6/6
  2745 | Sewer    | Reached *** piety under Cheibriados
  2827 | Sewer    | HP: 2/48 [poisoned by an adder]
  2827 | Sewer    | Slain by an adder

Vault maps used:
D:1:      sevenhm_arrival_forest_fort_small_3, nemelex_diamond_rough_becter
D:2:      eat_drink_and_be_merry_uskayaw, overflow_temple_1_default,
          cheibriados_altar_1, grunt_temple_overflow_opulence,
          kennysheep_generic_room_7
D:3:      portal_sewer_entry_a, serial_undead, serial_undead_d, serial_undead_a,
          serial_undead_b, serial_undead_d, kennysheep_donut,
          minmay_misc_feat_secret_circle, hex_tiny, kennysheep_nondescript,
          uniq_terence
Sewer:    sewer_minmay_w

Skill      XL: |  1  2  3  4  5  6 |
---------------+-------------------+-----
Maces & Flails | 3 4 5 |  5.8
Armour         | 4 |  4.1
Fighting       | |  3.8
Shields        | |  3.8

Action                   |  1- 3 |  4- 6 || total
-------------------------+-------+-------++-------
Melee: Flail             |   160 |   237 ||   397
 Abil: Hop               |       |     1 ||     1
  Use: Scroll            |       |     6 ||     6
       Potion            |       |     4 ||     4
  Eat: Chunk             |     2 |     4 ||     6
Armor: Scale mail        |   106 |   216 ||   322
Dodge: Dodged            |    66 |   131 ||   197
Block: Shield            |   103 |   207 ||   310

Vault maps used:
D:1:      sevenhm_arrival_forest_fort_small_3, nemelex_diamond_rough_becter
D:2:      eat_drink_and_be_merry_uskayaw, overflow_temple_1_default,
          cheibriados_altar_1, grunt_temple_overflow_opulence,
          kennysheep_generic_room_7
D:3:      portal_sewer_entry_a, serial_undead, serial_undead_d, serial_undead_a,
          serial_undead_b, serial_undead_d, kennysheep_donut,
          minmay_misc_feat_secret_circle, hex_tiny, kennysheep_nondescript,
          uniq_terence
Sewer:    sewer_minmay_w
